 Dungeon Crawl Stone Soup version 0.31.0-11-ge490571c62 (webtiles) character file.

Game seed: 6860186443675415501

22 SmokeWeed the Vexing (level 2, -17/20 HPs)
             Began as a Draconian Enchanter on Jan 30, 2024.
             Killed by an exploding kobold (37 damage)
             ... ignited by their inner flame
             ... on level 1 of the Dungeon.
             The game lasted 00:01:14 (461 turns).

SmokeWeed the Vexing (Draconian Enchanter)           Turns: 461, Time: 00:01:16

Health: -17/20     AC:  5    Str: 10    XL:     2   Next: 68%
Magic:  5/5        EV: 12    Int: 15    God:
Gold:   24         SH:  0    Dex: 11    Spells: 3/5 levels left

rFire   . . .        a - +1 dagger
rCold   . . .        (no shield)
rNeg    . . .        (body armour unavailable)
rPois   .            (helmet restricted)
rElec   .            (no cloak)
rCorr   .            (no gloves)
SInv    .            c - +0 pair of boots
Will    .....        (no amulet)
Stlth   ++           (no ring)
HPRegen 0.23/turn    (no ring)
MPRegen 0.09/turn

%: no passive effects
@: no status effects
A: AC +4, unfitting armour, cold-blooded
a: no special abilities


You were on level 1 of the Dungeon.
You visited 1 branch of the dungeon, and saw 1 of its levels.

You collected 24 gold pieces.

Inventory:

Hand Weapons
 a - a +1 dagger (weapon)
Armour
 c - a +0 pair of boots (worn)
Scrolls
 d - 2 scrolls of identify
 e - a scroll of enchant armour
Potions
 b - 2 potions of invisibility


   Skills:
 + Level 1.0 Short Blades
 + Level 1.8 Dodging
 * Level 2.9 Stealth
 + Level 2.3 Spellcasting
 + Level 3.2 Hexes


You had 3 spell levels left.
You knew the following spells:

 Your Spells              Type           Power      Damage    Failure   Level
a - Ensorcelled Hibernat  Hex/Ice        12%        N/A       17%         2

Your spell library contained the following spells:

 Spells                   Type           Power      Damage    Failure   Level
 Confusing Touch          Hex            11%        N/A       17%         3
 Tukima's Dance           Hex            11%        N/A       17%         3
 Dazzling Flash           Conj/Hex       12%        N/A       32%         3


Dungeon Overview and Level Annotations

Branches:
Dungeon (1/15)

Altars:


Innate Abilities, Weirdness & Mutations

Your plain brown scales are hard. (AC +4)
You cannot fit into any form of body armour.
You are cold-blooded and may be slowed by cold attacks.


Message History

You open the door.
There is an open door here.
You open the door.
There is an open door here.
There is an open door here.
A frilled lizard is nearby!
No target in view!
No target in view!
No target in view!
No target in view!
No target in view!
No target in view!
You see here 2 stones.
A frilled lizard comes into view.
Found a scroll of identify.
The helpless frilled lizard fails to defend itself.
You puncture the frilled lizard!
You kill the frilled lizard!
No target in view!
No target in view!
f - a scroll labelled KOJOATENUO
d - 2 scrolls of identify (gained 1)
Things that are here:
a +0 short sword; 3 stones A kobold comes into view.
It is wielding a +0 short sword.
As you read the scroll labelled KOJOATENUO, it crumbles to dust.
The creatures around you are filled with an inner flame!
It was a scroll of immolation.
Okay, then.
A kobold is nearby!
The kobold shouts!
A ball python comes into view.
The ball python hisses angrily.
You hit the kobold.
Flame seeps out of the kobold.
The kobold is severely wounded.
The kobold is engulfed in blazing flames.
The kobold explodes!
The fiery explosion engulfs you!!!
Ouch! That really hurt!
You die...

#....#.#.#
##...#.#.#
###..#.#...#
##...##.#...#
...####.#...## ####
#.#...^# #
###....#.# #
##....#...#####§#
##..##..##....@○S#
##..####..#...#§.§.#
##..##
##..##...##..# ...##
##.##...# .# .###
#.##...# # .#
#.##...# ## #. #..#.
# ...... # ..


You could see a ball python.

Vanquished Creatures
  A dart slug (D:1)
  3 endoplasms (D:1)
  2 giant cockroaches (D:1)
  3 goblins (D:1)
  A hobgoblin (D:1)
  3 kobolds (D:1)
  2 ball pythons (D:1)
  3 bats (D:1)
  A frilled lizard (D:1)
19 creatures vanquished.

Notes
Turn   | Place    | Note
-------+----------+-------------------------------------------
     0 | D:1      | SmokeWeed the Draconian Enchanter began the quest for the
                  | Orb.
     0 | D:1      | Reached XP level 1. HP: 14/14 MP: 3/3
    70 | D:1      | Reached skill level 3 in Hexes
    70 | D:1      | Reached XP level 2. HP: 20/20 MP: 5/5
   220 | D:1      | Learned a level 2 spell: Ensorcelled Hibernation
   461 | D:1      | Killed by an exploding kobold... ignited by their inner
                  | flame

Illustrated notes

Levels and vault maps discovered:
D:1:      doesnt_arrival_eight_statues, layout_rooms, minmay_pentomino_o4

Skill      XL: |  1 |
---------------+----+-----
Hexes          | 3 |  3.2
Short Blades   | |  1.0
Dodging        | |  1.8
Stealth        | |  2.9
Spellcasting   | |  2.3

Action                     || total
---------------------------++-------
  Melee: Dagger            ||    64
         Tailslap          ||     8
    Use: Scroll            ||     3
   Stab: Sleeping          ||     3
 Armour: Skin              ||    31
  Dodge: Dodged            ||    61
